 Dungeon Crawl Stone Soup version 0.26.1-11-gd32895ea62 (webtiles) character file.

Game seed: 5655796766332056607

61 Zeld the Twirler (level 4, -3/29 HPs)
             Began as an Octopode Gladiator on May 18, 2021.
             Slain by Terence
             ... wielding a +0 falchion
              (6 damage)
             ... on level 2 of the Dungeon.
             The game lasted 00:00:55 (1435 turns).

Zeld the Twirler (Octopode Gladiator)               Turns: 1435, Time: 00:00:56

Health: -3/29      AC:  1    Str: 13    XL:     4   Next: 7%
Magic:  4/4        EV: 14    Int: 10    God:
Gold:   52         SH:  0    Dex: 14    Spells: 3/3 levels left

rFire    . . .     SeeInvis .   a - +0 quarterstaff
rCold    . . .     Faith    .   (shield currently unavailable)
rNeg     . . .     Spirit   .   b - +0 hat
rPois    .         Reflect  .   (no amulet)
rElec    .         Harm     .   (no ring)
rCorr    .         Rampage  .   (no ring)
Will     .....                  (no ring)
Stlth    ++........             (no ring)
HPRegen  0.09/turn              (no ring)
MPRegen  0.09/turn              (no ring)
                                (no ring)
                                (no ring)

@: lethally poisoned (-3 -> -6)
A: almost no armour, stealthy swim, amphibious, 8 rings, constrict 8, camouflage
1, gelatinous body 1
a: no special abilities


You were on level 2 of the Dungeon.
You visited 1 branch of the dungeon, and saw 2 of its levels.

You collected 52 gold pieces.

Inventory:

Hand Weapons
 a - a +0 quarterstaff (weapon)
Missiles
 c - 3 throwing nets (quivered)
Armour
 b - a +0 hat (worn)
Scrolls
 d - 2 scrolls of identify {unknown}
 e - a scroll of magic mapping {unknown}
 f - 2 scrolls of blinking {unknown}
 j - a scroll of remove curse {unknown}
Potions
 g - a potion of lignification {unknown}
 h - a potion of might {unknown}
 i - a potion of curing {unknown}


   Skills:
 - Level 2.0 Fighting
 * Level 4.0 Staves
 * Level 3.2 Throwing
 - Level 3.0 Dodging


You had 3 spell levels left.
You didn't know any spells.
Your spell library was empty.

Dungeon Overview and Level Annotations

Branches:
Dungeon (2/15)

Altars:

Annotations:
D:2 Terence


Innate Abilities, Weirdness & Mutations

You cannot wear most types of armour.
You are very stealthy in the water. (Stealth+)
You are amphibious.
You can wear up to eight rings at the same time.
You can use your tentacles to constrict eight enemies at once.
Your skin changes colour to match your surroundings (Stealth+).
Your rubbery body absorbs attacks. (AC +1, EV +1)


Message History

Press: ? - help, v - describe, . - travel The floor.
You feel sick.
You feel sick.
Terence drinks a potion.
Terence goes berserk!
You feel sick.
You feel sick.
You feel sick. Terence barely misses you.
You feel sick. Terence hits you with a +0 falchion.
* * * LOW HITPOINT WARNING * * *
Okay, then.
You hit Terence but do no damage. You grab Terence.
Your squeeze misses Terence. You constrict Terence.
Terence hits you with a +0 falchion.
* * * LOW HITPOINT WARNING * * *
You hit Terence but do no damage. You squeeze Terence, but do no damage.
Terence is lightly wounded.
You constrict Terence, but do no damage.
Terence hits you with a +0 falchion.
You die...

############
#.)........#
###.########.#
#............###
......######.....#
........####.###.#
#######......# #@#
######.###@# #.....#
###.#.# #.#.#
######.#.#
#....>...#######.
#[####....†......
#<# #...########
#.###.####...#######


You could see Terence (berserk).

Vanquished Creatures
  4 adders (D:2)
  A dart slug (D:1)
  A leopard gecko (D:1)
  3 giant cockroaches
  3 hobgoblins
  6 kobolds
  3 bats
  2 frilled lizards
  A rat (D:1)
24 creatures vanquished.

Notes
Turn   | Place    | Note
-------+----------+-------------------------------------------
     0 | D:1      | Zeld the Octopode Gladiator began the quest for the Orb.
     0 | D:1      | Reached XP level 1. HP: 14/14 MP: 1/1
   359 | D:1      | Reached XP level 2. HP: 18/19 MP: 2/2
  1146 | D:2      | Reached XP level 3. HP: 24/24 MP: 3/3
  1417 | D:2      | Noticed Terence
  1421 | D:2      | Reached skill level 4 in Staves
  1421 | D:2      | Reached XP level 4. HP: 16/29 MP: 4/4
  1435 | D:2      | Slain by Terence

Illustrated notes

Levels and vault maps discovered:
D:1:      eino_arrival_cavern_b, layout_basic, amcnicky_mini_corridor_feature
D:2:      layout_loops_ring, uniq_terence

Skill      XL: |  1  2  3 |
---------------+----------+-----
Throwing       | 3 |  3.2
Staves         | 4 |  4.0
Fighting       | |  2.0
Dodging        | |  3.0

Action                   |  1- 3 |  4- 6 || total
-------------------------+-------+-------++-------
Melee: Quarterstaff      |    43 |     2 ||    45
       Constrict         |    13 |     1 ||    14
       Tentacles         |    11 |     1 ||    12
 Stab: Sleeping          |     5 |       ||     5
Armor: Skin              |     3 |       ||     3
Dodge: Dodged            |    18 |     1 ||    19
